Workbook
Name MinimumCash: #REF!

Sheet ℹ️ 
A1: info
C4: Model the pre-IPO structure and evolution of the capital base
C6: • Amounts invested and shares received as the preference stack converts
C7: • Capitalization waterfalls from seed round through liquidity event
C8: • Impact of liquidation preferences and exercises on equity value
C9: • Effects of stock, derivatives, and convertible debt on diluted share count
C11: Mechanics | D11: Instruments | E11: Calculations | F11: Layouts
C12: 4 funding rounds + IPO | D12: Common | E12: Post-money valuation | F12: Shares by round
C13: Pro-rata investment | D13: A, B, & C Preferred | E13: Price per share | F13: Ownership by round
C14: Liquidity preference | D14: Restricted stock | E14: Fully-diluted shares | F14: Valuation by round
C15: Conversion ratio | D15: Options & Warrants | E15: Proceeds from exercises | F15: 5 scenarios
C16: Treas. stock method | D16: Convertible notes | E16: Market capitalization | F16: Exercise proceeds
C17: Dilutive effects / CSE | D17: Buybacks | E17: Net common equity | F17: Equity value bridge
C18: Grants & exercises | D18: ESPP purchases

Sheet Funding
C3: Fundraising
C4: In thousands except prices
H6: Seed | I6: Series A | J6: Series B | K6: Series C | L6: IPO | S6: Seed | T6: Series A | U6: Series B | V6: Series C | W6: IPO
C7: SHARES | P7: OPTIONS
D8: Founders | H8: 500 | N8: TRUE | Q8: Grant | S8: 40 | T8: 40 | U8: 40 | V8: 40 | W8: 40
D9: Frds / Fam / Angel | H9: 269.08292 | M9: Conversion | Q9: Discount | S9: 0.1 | T9: =S9 -> 0.1 | U9: =T9 -> 0.1 | V9: =U9 -> 0.1 | W9: =V9 -> 0.1
D10: Group A | E10: Pro rata | I10: 600 | J10: =IFERROR(IF(N8=TRUE,((I10/I16*(I16+J11))-I10)/(1-I10/I16),""),"") -> 441.64446 | K10: =IFERROR(IF(N8=TRUE,(((J16+K12)*(I10/I16+J11/J16) - (I10+J10+J11)) / (1-(I10/I16+J11/J16))) -K11,""),"") -> 1016.3679 | M10: 1 | Q10: Strike price | S10: =IFERROR(H$30*(1-S9),"") -> 0.27469746 | T10: =IFERROR(I$30*(1-T9),"") -> 1.6481848 | U10: =IFERROR(J$30*(1-U9),"") -> 1.7408222 | V10: =IFERROR(K$30*(1-V9),"") -> 1.8635246 | W10: =IFERROR(L$30*(1-W9),"") -> 1.8911488
D11: Group B | J11: 700 | K11: =IFERROR(IF(N8=TRUE,(((J16+K12)*(I10/I16+J11/J16) - (I10+J10+J11)) / (1-(I10/I16+J11/J16))) / ((I10/I16)/(J11/J16)+1),""),"") -> 634.6707 | M11: 1.2 | Q11: Common equiv | S11: {=IFERROR(SUMPRODUCT(($S10:S10<H$30)*$S8:S8*(1-$S10:S10/H$30)),"")} -> 4 | T11: {=IFERROR(SUMPRODUCT(($S10:T10<I$30)*$S8:T8*(1-$S10:T10/I$30)),"")} -> 38 | U11: {=IFERROR(SUMPRODUCT(($S10:U10<J$30)*$S8:U8*(1-$S10:U10/J$30)),"")} -> 44.235021 | V11: {=IFERROR(SUMPRODUCT(($S10:V10<K$30)*$S8:V8*(1-$S10:V10/K$30)),"")} -> 53.223707 | W11: {=IFERROR(SUMPRODUCT(($S10:W10<L$30)*$S8:W8*(1-$S10:W10/L$30)),"")} -> 58.783403
D12: Group C | K12: 850 | M12: 1 | Q12: Net value | S12: =IFERROR(S11*H$30,"") -> 1.2208776 | T12: =IFERROR(T11*I$30,"") -> 69.590024 | U12: =IFERROR(U11*J$30,"") -> 85.561453 | V12: =IFERROR(V11*K$30,"") -> 110.2041 | W12: =IFERROR(W11*L$30,"") -> 123.52018
D13: Restricted stock | H13: 50 | I13: 50 | J13: 50 | K13: 50 | L13: 50
D14: Convertible debt | I14: =IFERROR(S25/MIN(I30*(1-S26),S27/H16),"") -> 81.908292 | J14: =IFERROR(T25/MIN(J30*(1-T26),T27/I16),"") -> 155.09912 | K14: =IFERROR(U25/MIN(K30*(1-U26),U27/J16),"") -> 271.66264 | L14: =IFERROR(V25/MIN(L30*(1-V26),V27/K16),"") -> 536.29088
D15: Public float | L15: 1200 | P15: WARRANTS
D16: Total outstanding | H16: =SUM(H8:H15) -> 819.08292 | I16: =H16+SUM(I8:I15) -> 1550.9912 | J16: =IFERROR(I16+SUM(J8:J15),"") -> 2897.7348 | K16: =J16+SUM(K8:K15) -> 5720.4361 | L16: =K16+SUM(L8:L15) -> 7506.7269 | Q16: Grant | S16: 25 | T16: 25 | U16: 25 | V16: 25 | W16: 25
D17: Common equivalent | H17: =H16 -> 819.08292 | I17: =IF(I16=0,"",I16) -> 1550.9912 | J17: =IFERROR(IF(J16=0,"",J16),"") -> 2897.7348 | K17: =SUM(H8:H9,H13:K14) + I10*M10 + SUM(J10,J11)*M11 + SUM(K10,K11,K12)*M12 -> 5948.765 | L17: =K17+SUM(L13:L15) -> 7735.0558 | Q17: Discount | S17: 0.12 | T17: =S17 -> 0.12 | U17: =T17 -> 0.12 | V17: =U17 -> 0.12 | W17: =V17 -> 0.12
Q18: Strike price | S18: =IFERROR(H$30*(1-S17),"") -> 0.26859307 | T18: =IFERROR(I$30*(1-T17),"") -> 1.6115584 | U18: =IFERROR(J$30*(1-U17),"") -> 1.7021373 | V18: =IFERROR(K$30*(1-V17),"") -> 1.8221129 | W18: =IFERROR(L$30*(1-W17),"") -> 1.8491233
Q19: Common equiv | S19: {=IFERROR(SUMPRODUCT(($S18:S18<H$30)*$S16:S16*(1-$S18:S18/H$30)),"")} -> 3 | T19: {=IFERROR(SUMPRODUCT(($S18:T18<I$30)*$S16:T16*(1-$S18:T18/I$30)),"")} -> 24.333333 | U19: {=IFERROR(SUMPRODUCT(($S18:U18<J$30)*$S16:U16*(1-$S18:U18/J$30)),"")} -> 28.699179 | V19: {=IFERROR(SUMPRODUCT(($S18:V18<K$30)*$S16:V16*(1-$S18:V18/K$30)),"")} -> 34.747821 | W19: {=IFERROR(SUMPRODUCT(($S18:W18<L$30)*$S16:W16*(1-$S18:W18/L$30)),"")} -> 38.700969
C20: INVESTMENT | Q20: Net value | S20: =IFERROR(S19*H$30,"") -> 0.91565821 | T20: =IFERROR(T19*I$30,"") -> 44.562033 | U20: =IFERROR(U19*J$30,"") -> 55.5113 | V20: =IFERROR(V19*K$30,"") -> 71.948243 | W20: =IFERROR(W19*L$30,"") -> 81.321436
D21: Pre-money | I21: 1500 | J21: 3000 | K21: 6000 | L21: 12500
D22: Founders | H22: 50
D23: Frds / Fam / Angel | H23: 200 | M23: Liquid Pref | P23: CONVERTIBLE
D24: Group A | I24: =IFERROR(I10*I30,"") -> 1098.7898 | J24: =IFERROR(J10*J30,"") -> 854.24944 | K24: =IFERROR(K10*K30,"") -> 2104.474 | M24: 1.1 | P24: NOTES
D25: Group B | J25: =IFERROR(J11*J30,"") -> 1353.9729 | K25: =IFERROR(K11*K30,"") -> 1314.1383 | M25: 1 | Q25: Debt raised | S25: 100 | T25: 100 | U25: 75 | V25: 75
D26: Group C | K26: =IFERROR(K12*K30,"") -> 1759.9954 | M26: 1 | Q26: Price discount | S26: 0.2 | T26: 0.2 | U26: 0.1 | V26: 0.1
D27: Convertible debt | I27: =IF(S25>0,S25,"") -> 100 | J27: =IF(T25>0,T25,"") -> 100 | K27: =IF(U25>0,U25,"") -> 75 | L27: =IF(V25>0,V25,"") -> 75 | Q27: Cap | S27: 1000 | T27: 1000 | U27: 800 | V27: 800
D28: Public float | L28: =L15*L30 -> 2521.5318
D29: Post money | H29: =SUM(H21:H28) -> 250 | I29: =SUM(I21:I28) -> 2698.7898 | J29: =SUM(J21:J28) -> 5308.2223 | K29: =SUM(K21:K28) -> 11253.608 | L29: =SUM(L21:L28) -> 15096.532
D30: Price/share | H30: =IFERROR(H29/H16,"") -> 0.3052194 | I30: =IFERROR(I21/H16,"") -> 1.8313164 | J30: =IFERROR(J21/I16,"") -> 1.9342469 | K30: =IFERROR(K21/J16,"") -> 2.0705829 | L30: =L21/K17 -> 2.1012765

Sheet Cap
A1: info
C3: Cap Tables
C4: In thousands
F6: SHARES | L6: STAKE | R6: VALUE
F7: Seed | G7: Series A | H7: Series B | I7: Series C | J7: IPO | L7: Seed | M7: Series A | N7: Series B | O7: Series C | P7: IPO | R7: Seed | S7: Series A | T7: Series B | U7: Series C | V7: IPO
D8: Founders | F8: =SUM(Funding!$H8:H8) -> 500 | G8: =SUM(Funding!$H8:I8) -> 500 | H8: =SUM(Funding!$H8:J8) -> 500 | I8: =SUM(Funding!$H8:K8) -> 500 | J8: =IFERROR(SUM(Funding!$H8:L8),"") -> 500 | L8: =F8/F$20 -> 0.60526611 | M8: =G8/G$20 -> 0.30991904 | N8: =H8/H$20 -> 0.16831226 | O8: =I8/I$20 -> 0.086082113 | P8: =IFERROR(J8/J$20,"") -> 0.063836251 | R8: =IFERROR(F8*Funding!H$30,"") -> 152.6097 | S8: =IFERROR(G8*Funding!I$30,"") -> 915.65821 | T8: =IFERROR(H8*Funding!J$30,"") -> 967.12347 | U8: =IFERROR(I8*Funding!K$30,"") -> 1035.2914 | V8: =IFERROR(J8*Funding!L$30,"") -> 1050.6382
D9: Frds / Fam / Angel | F9: =SUM(Funding!$H9:H9) -> 269.08292 | G9: =SUM(Funding!$H9:I9) -> 269.08292 | H9: =SUM(Funding!$H9:J9) -> 269.08292 | I9: =SUM(Funding!$H9:K9) -> 269.08292 | J9: =IFERROR(SUM(Funding!$H9:L9),"") -> 269.08292 | L9: =F9/F$20 -> 0.32573355 | M9: =G9/G$20 -> 0.16678784 | N9: =H9/H$20 -> 0.090579907 | O9: =I9/I$20 -> 0.046326453 | P9: =IFERROR(J9/J$20,"") -> 0.03435449 | R9: =IFERROR(F9*Funding!H$30,"") -> 82.129329 | S9: =IFERROR(G9*Funding!I$30,"") -> 492.77597 | T9: =IFERROR(H9*Funding!J$30,"") -> 520.47282 | U9: =IFERROR(I9*Funding!K$30,"") -> 557.15849 | V9: =IFERROR(J9*Funding!L$30,"") -> 565.41762
D10: Group A | G10: =SUM(Funding!$H10:I10) -> 600 | H10: =SUM(Funding!$H10:J10) -> 1041.6445 | I10: =SUM(Funding!$H10:K10) -> 2058.0124 | J10: =IFERROR(SUM(Funding!$H10:L10,J23),"") -> 2146.3413 | M10: =G10/G$20 -> 0.37190285 | N10: =H10/H$20 -> 0.35064306 | O10: =I10/I$20 -> 0.35431611 | P10: =IFERROR(J10/J$20,"") -> 0.27402876 | S10: =IFERROR(G10*Funding!I$30,"") -> 1098.7898 | T10: =IFERROR(H10*Funding!J$30,"") -> 2014.7976 | U10: =IFERROR(I10*Funding!K$30,"") -> 4261.2852 | V10: =IFERROR(J10*Funding!L$30,"") -> 4510.0565
D11: Group B | H11: =SUM(Funding!$H11:J11) -> 700 | I11: =SUM(Funding!$H11:K11) -> 1334.6707 | J11: =IFERROR(SUM(Funding!$H11:L11,J24),"") -> 1474.6707 | N11: =H11/H$20 -> 0.23563716 | O11: =I11/I$20 -> 0.22978255 | P11: =IFERROR(J11/J$20,"") -> 0.1882749 | T11: =IFERROR(H11*Funding!J$30,"") -> 1353.9729 | U11: =IFERROR(I11*Funding!K$30,"") -> 2763.5463 | V11: =IFERROR(J11*Funding!L$30,"") -> 3098.6909
D12: Group C | I12: =SUM(Funding!$H12:K12) -> 850 | J12: =IFERROR(SUM(Funding!$H12:L12,J25),"") -> 850 | O12: =I12/I$20 -> 0.14633959 | P12: =IFERROR(J12/J$20,"") -> 0.10852163 | U12: =IFERROR(I12*Funding!K$30,"") -> 1759.9954 | V12: =IFERROR(J12*Funding!L$30,"") -> 1786.085
D13: Restricted stock | F13: =SUM(Funding!$H13:H13) -> 50 | G13: =SUM(Funding!$H13:I13) -> 100 | H13: =SUM(Funding!$H13:J13) -> 150 | I13: =SUM(Funding!$H13:K13) -> 200 | J13: =IFERROR(SUM(Funding!$H13:L13),"") -> 250 | L13: =F13/F$20 -> 0.060526611 | M13: =G13/G$20 -> 0.061983809 | N13: =H13/H$20 -> 0.050493677 | O13: =I13/I$20 -> 0.034432845 | P13: =IFERROR(J13/J$20,"") -> 0.031918125 | R13: =IFERROR(F13*Funding!H$30,"") -> 15.26097 | S13: =IFERROR(G13*Funding!I$30,"") -> 183.13164 | T13: =IFERROR(H13*Funding!J$30,"") -> 290.13704 | U13: =IFERROR(I13*Funding!K$30,"") -> 414.11657 | V13: =IFERROR(J13*Funding!L$30,"") -> 525.31912
D14: Convertible notes | G14: =SUM(Funding!$I14:I14) -> 81.908292 | H14: =SUM(Funding!$I14:J14) -> 237.00741 | I14: =SUM(Funding!$I14:K14) -> 508.67005 | J14: =SUM(Funding!$I14:L14) -> 1044.9609 | M14: =G14/G$20 -> 0.050769879 | N14: =H14/H$20 -> 0.079782505 | O14: =I14/I$20 -> 0.087574786 | P14: =IFERROR(J14/J$20,"") -> 0.13341278 | S14: =IFERROR(G14*Funding!I$30,"") -> 150 | T14: =IFERROR(H14*Funding!J$30,"") -> 458.43086 | U14: =IFERROR(I14*Funding!K$30,"") -> 1053.2435 | V14: =IFERROR(J14*Funding!L$30,"") -> 2195.7518
D15: Float | J15: =IFERROR(SUM(Funding!$H15:L15),"") -> 1200 | P15: =IFERROR(J15/J$20,"") -> 0.153207 | V15: =IFERROR(J15*Funding!L$30,"") -> 2521.5318
D16: Outstanding | F16: =SUM(F8:F15) -> 819.08292 | G16: =SUM(G8:G15) -> 1550.9912 | H16: =SUM(H8:H15) -> 2897.7348 | I16: =SUM(I8:I15) -> 5720.4361 | J16: =SUM(J8:J15) -> 7735.0558 | L16: =SUM(L8:L15) -> 0.99152627 | M16: =SUM(M8:M15) -> 0.96136343 | N16: =SUM(N8:N15) -> 0.97544856 | O16: =SUM(O8:O15) -> 0.98485445 | P16: =SUM(P8:P15) -> 0.98755393 | R16: =IF(SUM(R8:R15)=0,"",SUM(R8:R15)) -> 250 | S16: =IF(SUM(S8:S15)=0,"",SUM(S8:S15)) -> 2840.3557 | T16: =IF(SUM(T8:T15)=0,"",SUM(T8:T15)) -> 5604.9346 | U16: =IF(SUM(U8:U15)=0,"",SUM(U8:U15)) -> 11844.637 | V16: =SUM(V8:V15) -> 16253.491
D18: Options | F18: =Funding!S11 -> 4 | G18: =Funding!T11 -> 38 | H18: =Funding!U11 -> 44.235021 | I18: =Funding!V11 -> 53.223707 | J18: =IFERROR(Funding!W11,"") -> 58.783403 | L18: =IFERROR(F18/F$20,"") -> 0.0048421289 | M18: =IFERROR(G18/G$20,"") -> 0.023553847 | N18: =IFERROR(H18/H$20,"") -> 0.014890592 | O18: =IFERROR(I18/I$20,"") -> 0.0091632184 | P18: =IFERROR(J18/J$20,"") -> 0.0075050241 | R18: =IFERROR(Funding!S12,"") -> 1.2208776 | S18: =IFERROR(Funding!T12,"") -> 69.590024 | T18: =IFERROR(Funding!U12,"") -> 85.561453 | U18: =IFERROR(Funding!V12,"") -> 110.2041 | V18: =IFERROR(Funding!W12,"") -> 123.52018
D19: Warrants | F19: =Funding!S19 -> 3 | G19: =Funding!T19 -> 24.333333 | H19: =Funding!U19 -> 28.699179 | I19: =Funding!V19 -> 34.747821 | J19: =IFERROR(Funding!W19,"") -> 38.700969 | L19: =IFERROR(F19/F$20,"") -> 0.0036315967 | M19: =IFERROR(G19/G$20,"") -> 0.015082727 | N19: =IFERROR(H19/H$20,"") -> 0.0096608472 | O19: =IFERROR(I19/I$20,"") -> 0.0059823317 | P19: =IFERROR(J19/J$20,"") -> 0.0049410495 | R19: =IFERROR(Funding!S20,"") -> 0.91565821 | S19: =IFERROR(Funding!T20,"") -> 44.562033 | T19: =IFERROR(Funding!U20,"") -> 55.5113 | U19: =IFERROR(Funding!V20,"") -> 71.948243 | V19: =IFERROR(Funding!W20,"") -> 81.321436
D20: Fully-diluted | F20: =SUM(F16:F19) -> 826.08292 | G20: =SUM(G16:G19) -> 1613.3245 | H20: =SUM(H16:H19) -> 2970.669 | I20: =SUM(I16:I19) -> 5808.4076 | J20: =SUM(J16:J19) -> 7832.5402 | L20: =SUM(L16:L19) -> 1 | M20: =SUM(M16:M19) -> 1 | N20: =SUM(N16:N19) -> 1 | O20: =SUM(O16:O19) -> 1 | P20: =SUM(P16:P19) -> 1 | R20: =IF(SUM(R16:R19)=0,"",SUM(R16:R19)) -> 252.13654 | S20: =IF(SUM(S16:S19)=0,"",SUM(S16:S19)) -> 2954.5077 | T20: =IF(SUM(T16:T19)=0,"",SUM(T16:T19)) -> 5746.0074 | U20: =IF(SUM(U16:U19)=0,"",SUM(U16:U19)) -> 12026.789 | V20: =SUM(V16:V19) -> 16458.333
D22: Converted shares
D23: Class A | G23: =IFERROR(Funding!I10*(Funding!M10-1),"") -> 0 | H23: =IFERROR(G23+Funding!J10*(Funding!M11-1),"") -> 88.328892 | I23: =IFERROR(H23+Funding!K10*(Funding!M12-1),"") -> 88.328892 | J23: =I23 -> 88.328892
D24: Class B | H24: =IFERROR(IF(Funding!J11*(Funding!M11-1)<=0,"",Funding!J11*(Funding!M11-1)),"") -> 140 | I24: =IFERROR(IF(H24+Funding!K11*(Funding!M12-1)<=0,"",H24+Funding!K11*(Funding!M12-1)),"") -> 140 | J24: =I24 -> 140
D25: Class C | I25: =IFERROR(Funding!K12*(Funding!M12-1),"") -> 0 | J25: =I25 -> 0
D26: Total | G26: =SUM(G23:G25) -> 0 | H26: =SUM(H23:H25) -> 228.32889 | I26: =SUM(I23:I25) -> 228.32889 | J26: =SUM(J23:J25) -> 228.32889

Sheet Shares
A1: info
C3: Shares Outstanding
C4: In thousands except prices
F6: post-IPO | G6: Scenario 1 | H6: Scenario 2 | I6: Scenario 3 | J6: Scenario 4
C7: SHARES OUTSTANDING
D8: Share Price | F8: =Funding!L30 -> 2.1012765 | G8: 3 | H8: 6.5 | I8: 2.25 | J8: 4.95
D9: Starting balance | F9: =Funding!L17 -> 7735.0558 | G9: 5000 | H9: 6000 | I9: 7000 | J9: 8000
D10: + Restricted stock | F10: 50 | G10: 50 | H10: 50 | I10: 0 | J10: 0
D11: + Employee SPP | F11: 25 | G11: 25 | H11: 25 | I11: 25 | J11: 25
D12: + Exercised options | F12: 80 | G12: 131 | H12: 145 | I12: 150 | J12: 160
D13: + Exercised warrants | F13: 85 | G13: 85 | H13: 80 | I13: 95 | J13: 83
D14: ⎯ Buybacks | F14: 25 | G14: 5 | H14: 75 | J14: -100
D15: Total shares outstanding | F15: =IFERROR(SUM(F9:F13)-ABS(F14),"") -> 7950.0558 | G15: =IFERROR(SUM(G9:G13)-ABS(G14),"") -> 5286 | H15: =IFERROR(SUM(H9:H13)-ABS(H14),"") -> 6225 | I15: =IFERROR(SUM(I9:I13)-ABS(I14),"") -> 7270 | J15: =IFERROR(SUM(J9:J13)-ABS(J14),"") -> 8168
C17: OPTIONS & WARRANTS
D18: Options | F18: 50 | G18: 100 | H18: 50 | I18: 200 | J18: 300
D19: Strike price | F19: 6.75 | G19: 7 | H19: 6 | I19: 4 | J19: 2
D20: Common equivalent | F20: {=IFERROR(SUMPRODUCT((Funding!$S$10:$W$10<F$8)*Funding!$S$8:$W$8*(1-Funding!$S$10:$W$10/F$8)) * (1-(F12/SUM(Funding!$S$8:$W$8))) + IF(F19<F$8,F18*(1-F19/F$8),0),"")} -> 35.270042 | G20: {=IFERROR(SUMPRODUCT((Funding!$S$10:$W$10<G$8)*Funding!$S$8:$W$8*(1-Funding!$S$10:$W$10/G$8)) * (1-(G12/SUM(Funding!$S$8:$W$8))) + IF(G19<G$8,G18*(1-G19/G$8),0),"")} -> 34.875462 | H20: {=IFERROR(SUMPRODUCT((Funding!$S$10:$W$10<H$8)*Funding!$S$8:$W$8*(1-Funding!$S$10:$W$10/H$8)) * (1-(H12/SUM(Funding!$S$8:$W$8))) + IF(H19<H$8,H18*(1-H19/H$8),0),"")} -> 46.291976 | I20: {=IFERROR(SUMPRODUCT((Funding!$S$10:$W$10<I$8)*Funding!$S$8:$W$8*(1-Funding!$S$10:$W$10/I$8)) * (1-(I12/SUM(Funding!$S$8:$W$8))) + IF(I19<I$8,I18*(1-I19/I$8),0),"")} -> 17.029432 | J20: {=IFERROR(SUMPRODUCT((Funding!$S$10:$W$10<J$8)*Funding!$S$8:$W$8*(1-Funding!$S$10:$W$10/J$8)) * (1-(J12/SUM(Funding!$S$8:$W$8))) + IF(J19<J$8,J18*(1-J19/J$8),0),"")} -> 206.79858
D21: Warrants | F21: 20 | G21: 30 | H21: 50 | I21: 25 | J21: 100
D22: Strike price | F22: 4 | G22: 5 | H22: 6 | I22: 5.5 | J22: 5
D23: Common equivalent | F23: {=IFERROR(SUMPRODUCT((Funding!$S$18:$W$18<F$8)*Funding!$S$16:$W$16*(1-Funding!$S$18:$W$18/F$8)) * (1-(F13/SUM(Funding!$S$16:$W$16))) + IF(F22<F$8,F21*(1-F22/F$8),0),"")} -> 12.38431 | G23: {=IFERROR(SUMPRODUCT((Funding!$S$18:$W$18<G$8)*Funding!$S$16:$W$16*(1-Funding!$S$18:$W$18/G$8)) * (1-(G13/SUM(Funding!$S$16:$W$16))) + IF(G22<G$8,G21*(1-G22/G$8),0),"")} -> 20.657267 | H23: {=IFERROR(SUMPRODUCT((Funding!$S$18:$W$18<H$8)*Funding!$S$16:$W$16*(1-Funding!$S$18:$W$18/H$8)) * (1-(H13/SUM(Funding!$S$16:$W$16))) + IF(H22<H$8,H21*(1-H22/H$8),0),"")} -> 38.802811 | I23: {=IFERROR(SUMPRODUCT((Funding!$S$18:$W$18<I$8)*Funding!$S$16:$W$16*(1-Funding!$S$18:$W$18/I$8)) * (1-(I13/SUM(Funding!$S$16:$W$16))) + IF(I22<I$8,I21*(1-I22/I$8),0),"")} -> 10.657267 | J23: {=IFERROR(SUMPRODUCT((Funding!$S$18:$W$18<J$8)*Funding!$S$16:$W$16*(1-Funding!$S$18:$W$18/J$8)) * (1-(J13/SUM(Funding!$S$16:$W$16))) + IF(J22<J$8,J21*(1-J22/J$8),0),"")} -> 29.690988
D24: Common equivalent shares | F24: =IF(SUM(F20,F23)=0,"",SUM(F20,F23)) -> 47.654352 | G24: =IF(SUM(G20,G23)=0,"",SUM(G20,G23)) -> 55.532728 | H24: =IF(SUM(H20,H23)=0,"",SUM(H20,H23)) -> 85.094787 | I24: =IF(SUM(I20,I23)=0,"",SUM(I20,I23)) -> 27.686698 | J24: =IF(SUM(J20,J23)=0,"",SUM(J20,J23)) -> 236.48957
C26: CONVERTIBLE NOTES
D27: Debt raised | F27: 80 | G27: 100 | H27: 70 | I27: 50 | J27: 25
D28: Price discount | F28: 0.18 | G28: 0.2 | H28: 0.1 | I28: 0.25 | J28: 0.18
D29: Shares cap | F29: 3500 | G29: 3000 | H29: 4000 | I29: 2200 | J29: 1050
D30: Common equivalent shares | F30: =IFERROR(F27/MIN(F8*(1-F28),F29/F15),"") -> 181.71556 | G30: =IFERROR(G27/MIN(G8*(1-G28),G29/G15),"") -> 176.2 | H30: =IFERROR(H27/MIN(H8*(1-H28),H29/H15),"") -> 108.9375 | I30: =IFERROR(I27/MIN(I8*(1-I28),I29/I15),"") -> 165.22727 | J30: =IFERROR(J27/MIN(J8*(1-J28),J29/J15),"") -> 194.47619
C32: FULLY-DILUTED SHARES | F32: =SUM(F15,F20,F23,F30) -> 8179.4257 | G32: =SUM(G15,G20,G23,G30) -> 5517.7327 | H32: =SUM(H15,H20,H23,H30) -> 6419.0323 | I32: =SUM(I15,I20,I23,I30) -> 7462.914 | J32: =SUM(J15,J20,J23,J30) -> 8598.9658

Sheet Equity
A1: info
C3: Equity Value
C4: In thousands except prices
F6: post-IPO | G6: Scenario 1 | H6: Scenario 2 | I6: Scenario 3 | J6: Scenario 4
C7: UNADJUSTED VALUE
D8: Share price | F8: =Shares!F8 -> 2.1012765 | G8: =Shares!G8 -> 3 | H8: =Shares!H8 -> 6.5 | I8: =Shares!I8 -> 2.25 | J8: =Shares!J8 -> 4.95
D9: Basic | F9: =IFERROR(Shares!F15,"") -> 7950.0558 | G9: =IFERROR(Shares!G15,"") -> 5286 | H9: =IFERROR(Shares!H15,"") -> 6225 | I9: =IFERROR(Shares!I15,"") -> 7270 | J9: =IFERROR(Shares!J15,"") -> 8168
D10: Options | F10: {=IFERROR(SUMPRODUCT((Funding!$S$10:$W$10<Shares!F$8)*Funding!$S$8:$W$8) * (1-(Shares!F12/SUM(Funding!$S$8:$W$8))) + IF(Shares!F19<Shares!F$8,Shares!F18,0),"")} -> 120 | G10: {=IFERROR(SUMPRODUCT((Funding!$S$10:$W$10<Shares!G$8)*Funding!$S$8:$W$8) * (1-(Shares!G12/SUM(Funding!$S$8:$W$8))) + IF(Shares!G19<Shares!G$8,Shares!G18,0),"")} -> 69 | H10: {=IFERROR(SUMPRODUCT((Funding!$S$10:$W$10<Shares!H$8)*Funding!$S$8:$W$8) * (1-(Shares!H12/SUM(Funding!$S$8:$W$8))) + IF(Shares!H19<Shares!H$8,Shares!H18,0),"")} -> 105 | I10: {=IFERROR(SUMPRODUCT((Funding!$S$10:$W$10<Shares!I$8)*Funding!$S$8:$W$8) * (1-(Shares!I12/SUM(Funding!$S$8:$W$8))) + IF(Shares!I19<Shares!I$8,Shares!I18,0),"")} -> 50 | J10: {=IFERROR(SUMPRODUCT((Funding!$S$10:$W$10<Shares!J$8)*Funding!$S$8:$W$8) * (1-(Shares!J12/SUM(Funding!$S$8:$W$8))) + IF(Shares!J19<Shares!J$8,Shares!J18,0),"")} -> 340
D11: Warrants | F11: {=IFERROR(SUMPRODUCT((Funding!$S$18:$W$18<Shares!F$8)*Funding!$S$16:$W$16) * (1-(Shares!F13/SUM(Funding!$S$16:$W$16))) + IF(Shares!F22<Shares!F$8,Shares!F21,0),"")} -> 40 | G11: {=IFERROR(SUMPRODUCT((Funding!$S$18:$W$18<Shares!G$8)*Funding!$S$16:$W$16) * (1-(Shares!G13/SUM(Funding!$S$16:$W$16))) + IF(Shares!G22<Shares!G$8,Shares!G21,0),"")} -> 40 | H11: {=IFERROR(SUMPRODUCT((Funding!$S$18:$W$18<Shares!H$8)*Funding!$S$16:$W$16) * (1-(Shares!H13/SUM(Funding!$S$16:$W$16))) + IF(Shares!H22<Shares!H$8,Shares!H21,0),"")} -> 95 | I11: {=IFERROR(SUMPRODUCT((Funding!$S$18:$W$18<Shares!I$8)*Funding!$S$16:$W$16) * (1-(Shares!I13/SUM(Funding!$S$16:$W$16))) + IF(Shares!I22<Shares!I$8,Shares!I21,0),"")} -> 30 | J11: {=IFERROR(SUMPRODUCT((Funding!$S$18:$W$18<Shares!J$8)*Funding!$S$16:$W$16) * (1-(Shares!J13/SUM(Funding!$S$16:$W$16))) + IF(Shares!J22<Shares!J$8,Shares!J21,0),"")} -> 42
D12: Convertible debt | F12: =IFERROR(Shares!F30,"") -> 181.71556 | G12: =IFERROR(Shares!G30,"") -> 176.2 | H12: =IFERROR(Shares!H30,"") -> 108.9375 | I12: =IFERROR(Shares!I30,"") -> 165.22727 | J12: =IFERROR(Shares!J30,"") -> 194.47619
D13: Gross diluted shares | F13: =SUM(F9:F12) -> 8291.7714 | G13: =SUM(G9:G12) -> 5571.2 | H13: =SUM(H9:H12) -> 6533.9375 | I13: =SUM(I9:I12) -> 7515.2273 | J13: =SUM(J9:J12) -> 8744.4762
D14: Total unadjusted | F14: =+F8*F13 -> 17423.304 | G14: =+G8*G13 -> 16713.6 | H14: =+H8*H13 -> 42470.594 | I14: =+I8*I13 -> 16909.261 | J14: =+J8*J13 -> 43285.157
C16: LIQUIDITY PREFERENCE
D17: Class A OTM | F17: =IFERROR(IF(F$8<Funding!$L$30*Funding!$M$24,-((Funding!$I$24*Funding!$M$24)+(Funding!$J$24*Funding!$M$25)+(Funding!$K$24*Funding!$M$26)),""),"") -> -4167.3923 | G17: =IFERROR(IF(G$8<Funding!$L$30*Funding!$M$24,-((Funding!$I$24*Funding!$M$24)+(Funding!$J$24*Funding!$M$25)+(Funding!$K$24*Funding!$M$26)),""),"") | H17: =IFERROR(IF(H$8<Funding!$L$30*Funding!$M$24,-((Funding!$I$24*Funding!$M$24)+(Funding!$J$24*Funding!$M$25)+(Funding!$K$24*Funding!$M$26)),""),"") | I17: =IFERROR(IF(I$8<Funding!$L$30*Funding!$M$24,-((Funding!$I$24*Funding!$M$24)+(Funding!$J$24*Funding!$M$25)+(Funding!$K$24*Funding!$M$26)),""),"") -> -4167.3923 | J17: =IFERROR(IF(J$8<Funding!$L$30*Funding!$M$24,-((Funding!$I$24*Funding!$M$24)+(Funding!$J$24*Funding!$M$25)+(Funding!$K$24*Funding!$M$26)),""),"")
D18: Class B OTM | F18: =IFERROR(IF(F$8<Funding!$L$30*Funding!$M$25,-(Funding!$J$25*Funding!$M$25+Funding!$K$25*Funding!$M$26),""),"") | G18: =IFERROR(IF(G$8<Funding!$L$30*Funding!$M$25,-(Funding!$J$25*Funding!$M$25+Funding!$K$25*Funding!$M$26),""),"") | H18: =IFERROR(IF(H$8<Funding!$L$30*Funding!$M$25,-(Funding!$J$25*Funding!$M$25+Funding!$K$25*Funding!$M$26),""),"") | I18: =IFERROR(IF(I$8<Funding!$L$30*Funding!$M$25,-(Funding!$J$25*Funding!$M$25+Funding!$K$25*Funding!$M$26),""),"") | J18: =IFERROR(IF(J$8<Funding!$L$30*Funding!$M$25,-(Funding!$J$25*Funding!$M$25+Funding!$K$25*Funding!$M$26),""),"")
D19: Class C OTM | F19: =IFERROR(IF(F$8<Funding!$L$30*Funding!$M$26,-(Funding!$K$26*Funding!$M$26),""),"") | G19: =IFERROR(IF(G$8<Funding!$L$30*Funding!$M$26,-(Funding!$K$26*Funding!$M$26),""),"") | H19: =IFERROR(IF(H$8<Funding!$L$30*Funding!$M$26,-(Funding!$K$26*Funding!$M$26),""),"") | I19: =IFERROR(IF(I$8<Funding!$L$30*Funding!$M$26,-(Funding!$K$26*Funding!$M$26),""),"") | J19: =IFERROR(IF(J$8<Funding!$L$30*Funding!$M$26,-(Funding!$K$26*Funding!$M$26),""),"")
D20: Preferences | F20: =IF(SUM(F17:F19)=0,"",SUM(F17:F19)) -> -4167.3923 | G20: =IF(SUM(G17:G19)=0,"",SUM(G17:G19)) | H20: =IF(SUM(H17:H19)=0,"",SUM(H17:H19)) | I20: =IF(SUM(I17:I19)=0,"",SUM(I17:I19)) -> -4167.3923 | J20: =IF(SUM(J17:J19)=0,"",SUM(J17:J19))
C22: EXERCISE PROCEEDS
D23: From options | F23: {=IFERROR(Shares!F12*SUMPRODUCT((Funding!$S$10:$W$10<F$8)*Funding!$S$8:$W$8*Funding!$S$10:$W$10) / SUMPRODUCT((Funding!$S$10:$W$10<F$8)*Funding!$S$8:$W$8),"")} -> 118.69405 | G23: {=IFERROR(Shares!G12*SUMPRODUCT((Funding!$S$10:$W$10<G$8)*Funding!$S$8:$W$8*Funding!$S$10:$W$10) / SUMPRODUCT((Funding!$S$10:$W$10<G$8)*Funding!$S$8:$W$8),"")} -> 194.3615 | H23: {=IFERROR(Shares!H12*SUMPRODUCT((Funding!$S$10:$W$10<H$8)*Funding!$S$8:$W$8*Funding!$S$10:$W$10) / SUMPRODUCT((Funding!$S$10:$W$10<H$8)*Funding!$S$8:$W$8),"")} -> 215.13296 | I23: {=IFERROR(Shares!I12*SUMPRODUCT((Funding!$S$10:$W$10<I$8)*Funding!$S$8:$W$8*Funding!$S$10:$W$10) / SUMPRODUCT((Funding!$S$10:$W$10<I$8)*Funding!$S$8:$W$8),"")} -> 222.55134 | J23: {=IFERROR(Shares!J12*SUMPRODUCT((Funding!$S$10:$W$10<J$8)*Funding!$S$8:$W$8*Funding!$S$10:$W$10) / SUMPRODUCT((Funding!$S$10:$W$10<J$8)*Funding!$S$8:$W$8),"")} -> 237.38809
D24: From warrants | F24: {=IFERROR(Shares!F13*SUMPRODUCT((Funding!$S$18:$W$18<F$8)*Funding!$S$16:$W$16*Funding!$S$18:$W$18) / SUMPRODUCT((Funding!$S$18:$W$18<F$8)*Funding!$S$16:$W$16),"")} -> 123.30993 | G24: {=IFERROR(Shares!G13*SUMPRODUCT((Funding!$S$18:$W$18<G$8)*Funding!$S$16:$W$16*Funding!$S$18:$W$18) / SUMPRODUCT((Funding!$S$18:$W$18<G$8)*Funding!$S$16:$W$16),"")} -> 123.30993 | H24: {=IFERROR(Shares!H13*SUMPRODUCT((Funding!$S$18:$W$18<H$8)*Funding!$S$16:$W$16*Funding!$S$18:$W$18) / SUMPRODUCT((Funding!$S$18:$W$18<H$8)*Funding!$S$16:$W$16),"")} -> 116.0564 | I24: {=IFERROR(Shares!I13*SUMPRODUCT((Funding!$S$18:$W$18<I$8)*Funding!$S$16:$W$16*Funding!$S$18:$W$18) / SUMPRODUCT((Funding!$S$18:$W$18<I$8)*Funding!$S$16:$W$16),"")} -> 137.81698 | J24: {=IFERROR(Shares!J13*SUMPRODUCT((Funding!$S$18:$W$18<J$8)*Funding!$S$16:$W$16*Funding!$S$18:$W$18) / SUMPRODUCT((Funding!$S$18:$W$18<J$8)*Funding!$S$16:$W$16),"")} -> 120.40852
D25: Total proceeds | F25: =IF(SUM(F23:F24)=0,"",SUM(F23:F24)) -> 242.00397 | G25: =IF(SUM(G23:G24)=0,"",SUM(G23:G24)) -> 317.67143 | H25: =IF(SUM(H23:H24)=0,"",SUM(H23:H24)) -> 331.18936 | I25: =IF(SUM(I23:I24)=0,"",SUM(I23:I24)) -> 360.36831 | J25: =IF(SUM(J23:J24)=0,"",SUM(J23:J24)) -> 357.79661
C27: ADJUSTED VALUE | F27: =IF(SUM(F14,F20,F25)=0,0,SUM(F14,F20,F25)) -> 13497.916 | G27: =IF(SUM(G14,G20,G25)=0,0,SUM(G14,G20,G25)) -> 17031.271 | H27: =IF(SUM(H14,H20,H25)=0,0,SUM(H14,H20,H25)) -> 42801.783 | I27: =IF(SUM(I14,I20,I25)=0,0,SUM(I14,I20,I25)) -> 13102.237 | J27: =IF(SUM(J14,J20,J25)=0,0,SUM(J14,J20,J25)) -> 43642.954
C28: MARKET VALUE | F28: =IFERROR(Shares!F8*Shares!F15,"") -> 16705.265 | G28: =IFERROR(Shares!G8*Shares!G15,"") -> 15858 | H28: =IFERROR(Shares!H8*Shares!H15,"") -> 40462.5 | I28: =IFERROR(Shares!I8*Shares!I15,"") -> 16357.5 | J28: =IFERROR(Shares!J8*Shares!J15,"") -> 40431.6
